 Dungeon Crawl Stone Soup version 0.31-a0-145-g046c7d2549 (webtiles) character file.

Game seed: 13980264843704086889

574 Dittersdorf the Shield-Bearer (level 7, -11/44 HPs)
             Began as a Gargoyle Fighter on June 6, 2023.
             Mangled by an ogre
             ... wielding a +0 giant club
              (22 damage)
             ... on level 5 of the Dungeon.
             The game lasted 00:05:58 (4602 turns).

Dittersdorf the Shield-Bearer (Gargoyle Fighter)    Turns: 4602, Time: 00:05:59

Health: -11/44     AC: 13    Str: 22    XL:     7   Next: 34%
Magic:  7/7        EV:  9    Int:  8    God:
Gold:   404        SH:  4    Dex:  9    Spells: 6/6 levels left

rFire   . . .        v - +1 flail (heavy)
rCold   . . .        c - +0 buckler
rNeg    + . .        b - +0 scale mail
rPois   ∞            j - +0 helmet
rElec   +            (no cloak)
rCorr   .            (no gloves)
SInv    .            (no boots)
Will    .....        (no amulet) Stlth
                     (no ring)
HPRegen 0.27/turn    (no ring)
MPRegen 0.10/turn

%: no passive effects
@: no status effects
A: sickness immunity, AC +4, negative energy resistance 1, electricity
resistance, torment resistance 1, petrification resistance
a: no special abilities


You were on level 5 of the Dungeon.
You visited 1 branch of the dungeon, and saw 5 of its levels.
You also visited: Sewer.

You collected 404 gold pieces.

Inventory:

Hand Weapons
 q - the +2 whip "Pycauk" {freeze, Fly}
   (You found it on level 3 of the Dungeon)

   Fly:       It grants you flight.
 u - the +1 whip "Orb Guardian's Peril" {flame, rN+ Str+2}
   (You found it on level 4 of the Dungeon)

   Str:       It affects your strength (+2).
   rN:        It protects you from negative energy.
 v - a +1 heavy flail (weapon)
Armour
 b - a +0 scale mail (worn)
 c - a +0 buckler (worn)
 j - a +0 helmet (worn)
 n - a +0 plate armour
Wands
 f - a wand of roots (11)
Scrolls
 a - a scroll of identify {unknown}
 h - 4 scrolls of poison
 l - a scroll of fog
 o - 3 scrolls of teleportation
 s - a scroll of silence
 w - a scroll of brand weapon
Potions
 d - 4 potions of might
 e - a potion of invisibility {unknown}
 g - a potion of degeneration {unknown}
 i - 4 potions of curing {unknown}
 k - a potion of berserk rage
 m - 2 potions of attraction {unknown}
 p - 2 potions of heal wounds {unknown}
 r - a potion of mutation {unknown}
 t - a potion of brilliance {unknown}
 x - a potion of enlightenment {unknown}


   Skills:
 + Level 5.2 Fighting
 + Level 4.2 Maces & Flails
 + Level 5.2 Armour
 + Level 5.3 Shields


You had 6 spell levels left.
You didn't know any spells.
Your spell library contained the following spells:

 Spells                   Type           Power      Damage    Failure   Level
 Magic Dart               Conj           0%         1d3       78%         1
 Slow                     Hex            0%         N/A       78%         1
 Searing Ray              Conj           0%         2d4       89%         2
 Confusing Touch          Hex            0%         N/A       98%         3
 Dazzling Flash           Conj/Hex       0%         N/A       98%         3
 Vampiric Draining        Necr           0%         2d6       98%         3
 Volatile Blastmotes      Fire/Tloc      0%         2d10      98%         3
 Fulminant Prism          Conj/Hex       0%         3d5       100%        4
 Iskenderun's Mystic Bla  Conj/Tloc      0%         2d3       100%        4
 Petrify                  Tmut/Erth      0%         N/A       100%        4
 Metabolic Englaciation   Hex/Ice        0%         N/A       100%        5
 Starburst                Conj/Fire      0%         6d3       100%        6
 Statue Form              Tmut/Erth      Unusable   N/A       N/A         6

Dungeon Overview and Level Annotations

Branches:
Dungeon (5/15)              Sewer (visited)
 Temple: D:4-7

Altars:
Wu Jian

Shops:
D:1 =

Annotations:
D:4 3 runed translucent doors, Pokonic1's ghost, amateur GrMo


Innate Abilities, Weirdness & Mutations

You are immune to sickness and miasma.
Your stone body is resilient. (AC +4)
You are immune to poison.
You resist negative energy. (rN+)
You are resistant to electric shocks. (rElec)
You are resistant to unholy torment.
You are immune to petrification.


Message History

No target in view!
No target in view!
No target in view!
No target in view!
No target in view!
No target in view!
No target in view!
No target in view!
No target in view!
Things that are here:
a +0 whip; an orc corpse
x - a fizzy blue potion
Found an escape hatch in the floor.
There is an escape hatch in the floor here.
An ogre comes into view. It is wielding a +0 giant club.
The ogre shouts!
An ogre is nearby!
The ogre hits you with a +0 giant club!
You hit the ogre but do no damage.
The ogre hits you with a +0 giant club!!
* * * LOW HITPOINT WARNING * * *
You are too injured to fight recklessly!
You are too injured to fight recklessly!
You are too injured to fight recklessly!
You are too injured to fight recklessly!
You are too injured to fight recklessly!
You are too injured to fight recklessly!
You are too injured to fight recklessly!
You are too injured to fight recklessly!
You are too injured to fight recklessly!
You are too injured to fight recklessly!
You are too injured to fight recklessly!
You are too injured to fight recklessly!
You are too injured to fight recklessly!
You are too injured to fight recklessly!
You are too injured to fight recklessly!
The ogre attacks as you move away!
The ogre hits you with a +0 giant club!!
Ouch! That really hurt!
You die...

........##..##..##..##
#.#####... ...........####....##
##.......## ..........##
#....####....##.... ..........##
##.....##..#..##....
...........###.........##...#..#
##.#....<.............###.....#
#.####....#####.#####..###....#
.#####...## #..# #....#....#
####.....# ##@####....))##....
.>..####.# #O.........## ###.
.#### #.# #.######..## .# #.##
..# ##..## ## ##.# .#.# #...##
### ####. ##...# # #.### ###


You could see an ogre.

Vanquished Creatures
  Pargi (Sewer)
  An ogre (D:5)
  A scorpion (D:5)
  A howler monkey (D:5)
  An orc priest (D:5)
  2 hounds
  2 orc wizards (D:5)
  A river rat (D:3)
  A white imp (D:5)
  2 worms (D:2)
  2 dart slugs
  22 orcs
  7 bats
  10 endoplasms
  5 giant cockroaches
  6 goblins
  8 hobgoblins
  11 jackals
  5 kobolds
  A quokka (D:4)
  9 ball pythons
  5 frilled lizards
  12 rats
116 creatures vanquished.

Notes
Turn   | Place    | Note
-------+----------+-------------------------------------------
     0 | D:1      | Dittersdorf the Gargoyle Fighter began the quest for the
                  | Orb.
     0 | D:1      | Reached XP level 1. HP: 14/14 MP: 1/1
    84 | D:1      | Reached XP level 2. HP: 17/19 MP: 2/2
   270 | D:1      | Reached XP level 3. HP: 17/23 MP: 3/3
   474 | D:1      | Found Nivioph's One-of-a-Kind Rings.
  1349 | D:2      | Reached XP level 4. HP: 29/29 MP: 4/4
  1412 | D:2      | Found an ornate altar of the Wu Jian Council.
  2071 | D:3      | Found a glowing drain.
  2080 | Sewer    | Entered a sewer
  2113 | Sewer    | Noticed Pargi
  2127 | Sewer    | Killed Pargi
  2128 | Sewer    | Reached XP level 5. HP: 20/34 MP: 5/5
  2435 | D:3      | Identified the +2 whip "Pycauk" {freeze, Fly}
  2675 | D:4      | Noticed Pokonic1's ghost (amateur GrMo)
  2675 | D:4      | Found a runed translucent gate.
  2675 | D:4      | Found a runed translucent gate.
  2675 | D:4      | Found a runed translucent gate.
  3123 | D:4      | Identified the +1 whip "Orb Guardian's Peril" {flame, rN+
                  | Str+2}
  3663 | D:5      | Entered Level 5 of the Dungeon
  3664 | D:5      | Noticed an ogre
  3678 | D:4      | Reached XP level 6. HP: 39/39 MP: 6/6
  3843 | D:5      | Reached skill level 5 in Armour
  3843 | D:5      | Reached skill level 5 in Shields
  3856 | D:5      | Reached skill level 5 in Fighting
  3856 | D:5      | Reached XP level 7. HP: 35/44 MP: 7/7
  4602 | D:5      | Mangled by an ogre

Illustrated notes

Levels and vault maps discovered:
D:1:      reono_arrival_mine, layout_basic, serial_aquarium,
          aquarium_bridge_island_large [aquarium_subvault_large_water,
          aquarium_subvault_bridge, aquarium_subvault_wall,
          aquarium_subvault_wall, aquarium_subvault_bridge],
          aquarium_window_fake, aquarium_window_fake, aquarium_view_2d,
          nicolae_shop_unique_rings
D:2:      layout_basic, basic_altar
D:3:      layout_loops_cross, portal_sewer_entry_b
D:4:      wad_lake_hut, layout_loops_ring, ebering_ghost_rock_garden
D:5:      layout_layer_cave, temple_hall

Skill      XL: |  1  2  3  4  5  6 |
---------------+-------------------+-----
Armour         | 4 5 |  5.2
Shields        | 4 5 |  5.3
Fighting       | 4 5 |  5.2
Maces & Flails | 3 4 |  4.2

Action                     |  1- 3 |  4- 6 |  7- 9 || total
---------------------------+-------+-------+-------++-------
  Melee: Flail             |   161 |    87 |    29 ||   277
         Whip              |       |   108 |    51 ||   159
    Use: Scroll            |       |    10 |       ||    10
 Armour: Scale mail        |    62 |   105 |    54 ||   221
  Dodge: Dodged            |    70 |    76 |    21 ||   167
  Block: Buckler           |    34 |    44 |    22 ||   100

Table legend: (Time is in decaauts)
 A = Elapsed time spent in this place.
 B = Non-inter-level travel time spent in this place.
 C = Inter-level travel time spent in this place.
 D = Time resting spent in this place.
 E = Time spent auto-exploring this place.
 F = Levels seen in this place.
 G = Mean time per level.
                   A        B        C        D        E       F      G
               +--------+--------+--------+--------+--------+-----+--------+
         Total |   4726 |   4591 |    135 |    223 |   3271 |   6 |  787.7 |
       Dungeon |   4575 |   4440 |    135 |    170 |   3226 |   5 |  915.0 |
         Sewer |    151 |    151 |      0 |     53 |     45 |   1 |  151.0 |
               +--------+--------+--------+--------+--------+-----+--------+

Top non-repeatable levels by time:
     D:4: 1029 daAuts
     D:1: 977 daAuts
     D:5: 940 daAuts
     D:2: 891 daAuts
     D:3: 735 daAuts
   Sewer: 151 daAuts
